 Dungeon Crawl Stone Soup version 0.31.0-32-g396128a36d (webtiles) character file.

Game seed: 6664275652798617071

45637 Silvore the Warrior (level 14, -12/141 HPs)
             Began as a Minotaur Fighter on Apr 8, 2024.
             Was a High Priest of the Shining One.
             Mangled by a white ugly thing (30 damage)
             ... on level 14 of the Dungeon on Apr 9, 2024.
             The game lasted 00:23:08 (17865 turns).

Silvore the Warrior (Minotaur Fighter)             Turns: 17865, Time: 00:23:09

Health: -12/141    AC: 23    Str: 26    XL:     14   Next: 1%
Magic:  13/13      EV:  9    Int:  5    God:    the Shining One [*****.]
Gold:   764        SH:  8    Dex: 12    Spells: 13/13 levels left

rFire   + . .        a - +7 eveningstar (freeze)
rCold   . . .        c - +2 buckler
rNeg    + + +        h - +0 plate armour
rPois   .            e - +2 hat {SInv}
rElec   .            F - +1 cloak
rCorr   .            n - +0 pair of gloves
SInv    +            (no boots)
Will    .....        (no amulet) Stlth
                     K - ring of Bocejev {Fly rF+ Will- Str+2 Slay+2}
HPRegen 0.43/turn    z - ring of positive energy
MPRegen 0.13/turn

%: no passive effects
@: flying, glowing, studying Fighting
A: horns 2, retaliatory headbutt
a: Renounce Religion, Divine Shield, Cleansing Flame, Summon Divine Warrior


You were on level 14 of the Dungeon.
You worshipped the Shining One.
The Shining One was extremely pleased with you.
You visited 2 branches of the dungeon, and saw 16 of its levels.
You visited the Abyss 1 time.
You also visited: Sewer, Ossuary and Bailey.

You collected 993 gold pieces.
You donated 229 gold pieces to Zin.

Inventory:

Hand Weapons
 a - a +7 eveningstar of freezing (weapon)
 A - a +0 morningstar
Missiles
 x - a throwing net (quivered)
Armour
 c - a +2 buckler (worn)
 e - a +2 hat of see invisible (worn)
 h - a +0 plate armour (worn)
 n - a +0 pair of gloves (worn)
 y - a +1 hat
 F - a +1 cloak (worn)
Jewellery
 b - a ring of poison resistance
 s - a +5 ring of evasion
 z - a ring of positive energy (right hand)
 G - a ring of ice
 J - the ring "Tes Xoss" {Wiz ^Contam Int+6}
   (You found it on level 9 of the Dungeon)

   [ring of wizardry]

   Wiz:       It improves your spell success rate.
   Int+6:     It affects your intelligence (+6).
   ^Contam:   It causes magical contamination when unequipped.
 K - the ring of Bocejev (left hand) {Fly rF+ Will- Str+2 Slay+2}
   (You found it on level 9 of the Dungeon)

   [ring of protection from fire]

   Str+2:     It affects your strength (+2).
   Slay+2:    It affects your accuracy & damage with ranged weapons and melee
   (+2).
   rF+:       It protects you from fire.
   Will-:     It decreases your willpower.
   Fly:       It grants you flight.
Wands
 D - a wand of flame (31)
 E - a wand of polymorph (5)
Scrolls
 d - a scroll of enchant armour
 f - 5 scrolls of fear
 k - 6 scrolls of teleportation
 m - a scroll of butterflies
 v - a scroll of vulnerability
 B - a scroll of silence
 I - a scroll of immolation
Potions
 g - 3 potions of invisibility
 i - 3 potions of attraction
 j - 4 potions of mutation
 l - 6 potions of heal wounds
 o - 6 potions of brilliance
 p - 2 potions of degeneration
 q - 3 potions of haste
 r - 7 potions of curing
 t - 3 potions of magic
 w - a potion of berserk rage {unknown}
 C - 2 potions of enlightenment {unknown}
 H - a potion of ambrosia {unknown}


   Skills:
 + Level 17.9 Fighting
 + Level 17.8 Maces & Flails
 + Level 15.0 Armour
 + Level 2.9 Dodging
 + Level 1.6 Stealth
 + Level 11.3 Shields


You had 13 spell levels left.
You didn't know any spells.
Your spell library contained the following spells:

 Spells                   Type           Power      Damage    Failure   Level
 Apportation              Tloc           0%         N/A       99%         1
 Sting                    Conj/Alch      0%         1d3       99%         1
 Summon Small Mammal      Summ           0%         N/A       99%         1
 Jinxbite                 Hex            0%         N/A       99%         2
 Mercury Vapours          Alch/Air       0%         N/A       99%         2
 Fugue of the Fallen      Necr           0%         N/A       100%        3
 Inner Flame              Hex/Fire       0%         N/A       100%        3
 Ozocubu's Armour         Ice            0%         N/A       100%        3
 Stone Arrow              Conj/Erth      0%         3d7       100%        3
 Tukima's Dance           Hex            0%         N/A       100%        3
 Animate Armour           Summ/Erth      0%         N/A       100%        4
 Flame Wave               Conj/Fire      0%         2d4       100%        4
 Manifold Assault         Tloc           0%         N/A       100%        4
 Passage of Golubria      Tloc           0%         N/A       100%        4
 Sticky Flame             Fire/Alch      0%         2d4       100%        4
 Alistair's Intoxication  Alch           0%         N/A       100%        5
 Arcjolt                  Conj/Air       0%         1d10      100%        5
 Irradiate                Conj/Alch      0%         3d11      100%        5
 Yara's Violent Unravell  Hex/Alch       0%         3d3       100%        5
 Monstrous Menagerie      Summ           0%         N/A       100%        7


Dungeon Overview and Level Annotations

Branches:
Dungeon (15/15)            Temple (1/1) D:7            Lair (0/5) D:9
    Orc (0/2) D:9          Vaults (0/5) D:14          Sewer (visited)
Ossuary (visited)          Bailey (visited)
 Depths: D:15

Altars:
Ashenzari
Cheibriados
Dithmenos
Elyvilon
Fedhas
Gozag
Hepliaklqana
Kikubaaqudgha
Makhleb
Nemelex Xobeh
Okawaru
Qazlal
Ru
Sif Muna
Trog
Uskayaw
Vehumet
Wu Jian
Xom
Yredelemnul
Zin
The Shining One

Shops:
D:8 (

Annotations:
Temple 2 transporters


Innate Abilities, Weirdness & Mutations

You have a pair of horns on your head.
You reflexively headbutt those who attack you in melee.


Message History

You impale the cyan ugly thing!! You freeze the cyan ugly thing.
The cyan ugly thing is heavily wounded.
The boggart barely misses you.
You hammer the boggart like a gong!!! You freeze the boggart.
You kill the boggart!
The cyan ugly thing basks in the mutagenic energy from its kin and changes!
You completely miss the cyan ugly thing.
You headbutt the cyan ugly thing!
The cyan ugly thing is lightly wounded.
You hit the cyan ugly thing. You freeze the cyan ugly thing.
The cyan ugly thing is moderately wounded.
The cyan ugly thing basks in the mutagenic energy from its kin and changes!
You completely miss the green ugly thing.
The green ugly thing is moderately wounded.
The white ugly thing gores you but does no damage.
You puncture the green ugly thing! You freeze the green ugly thing!
The green ugly thing is severely wounded.
The cyan ugly thing basks in the mutagenic energy from its kin and changes!
You hit the green ugly thing. You freeze the green ugly thing.
You headbutt the green ugly thing!
The green ugly thing is almost dead.
You block the white ugly thing's attack.
The green ugly thing barely misses you.
You puncture the green ugly thing! You freeze the green ugly thing.
You kill the green ugly thing!
The white ugly thing gores you. The white ugly thing freezes you!!
The white ugly thing bites you. The white ugly thing freezes you!!
You block the white ugly thing's attack.
There is a stone staircase leading down, spattered with blood here.
You impale the white ugly thing!! You freeze the white ugly thing.
You headbutt the white ugly thing!
The white ugly thing is severely wounded.
The white ugly thing bites you.
* * * LOW HITPOINT WARNING * * *
The white ugly thing freezes you!!
* * * LOW HITPOINT WARNING * * *
The white ugly thing gores you.
* * * LOW HITPOINT WARNING * * *
The white ugly thing freezes you!!
You die...

#'#####............##..######.#.#
......#............##^###.......#
......#............##.# #####...#
......#............##.# ###.#.#
......#...............# #...#..
......#.............### ###.#####
......#.............# #....#
......######....u#.## #....#
......##...'...u@..# #....#
############....#### #....# #
#............# ###.#### #
#............#########....## #
#............#.............# #
#............#.##########..# #
#............#.# #...
#............#.# #.##
#..............# #.##


You could see 2 ugly things.

Vanquished Creatures
  Rupert (D:12)
  Jorgrun (D:12)
  Gastronok (D:12)
  A sphinx (D:14)
  Frances (D:14)
  A deep elf sorcerer (Abyss:2)
  Nessos (D:12)
  Josephine (D:11)
  Erolcha (D:13)
  3 hydras
  The ghost of Larett the Ruffian, a novice TrFi (D:8)
  3 centaur warriors
  4 two-headed ogres
  Erica (D:8)
  Urug (D:10)
  Nergalle (D:12)
  A large abomination (Abyss:2)
  2 glowing orange brains (Abyss:2)
  2 deep elf pyromancers
  An obsidian statue (D:9)
  An orc knight (D:13)
  Maurice (D:8)
  4 ugly things
  3 manticores
  An orc sorcerer (Abyss:2)
  4 cyclopes
  4 slime creatures (D:12)
  A guardian serpent (Abyss:2)
  A gargoyle (D:11)
  4 kobold demonologists
  A komodo dragon (D:12)
  9 yaktaurs
  An efreet (D:13)
  An ancient zyme (Abyss:2)
  2 tengu conjurers (D:14)
  4 trolls
  Grinder (D:5)
  Prince Ribbit (D:5)
  2 hornets
  Sigmund (D:5)
  A centaur simulacrum (D:11)
  6 wraiths
  A water elemental (D:14)
  A vampire (D:11)
  A shadow (D:12)
  14 yaks
  A steam dragon (shapeshifter) (D:15)
  2 basilisks
  A warg (D:13)
  2 vampire mosquitoes (D:11)
  2 acid dragons
  A water moccasin (D:9)
  A black bear (D:9)
  17 orc warriors
  A sky beast (D:6)
  An ogre (D:4)
  An ice beast (D:7)
  3 laughing skulls
  2 boggarts
  22 centaurs
  A phantom (D:5)
  12 bullfrogs
  3 elf zombies (Ossuary)
  6 kobold brigands
  4 scorpions
  A gnoll sergeant (D:9)
  2 small abominations (Abyss:2)
  A burial acolyte (Ossuary)
  7 wights (D:7)
  11 killer bees (D:9)
  A howler monkey (D:11)
  3 hounds (D:5)
  A human zombie (Ossuary)
  2 bombardier beetles (D:6)
  8 orc priests
  A jelly (D:5)
  An iron imp (Abyss:2)
  2 sleepcaps
  4 iguanas
  8 orc wizards
  A crocodile zombie (Ossuary)
  2 hound zombies (Ossuary)
  3 mummies (Ossuary)
  7 gnolls
  11 adders
  9 river rats
  A shadow imp (D:5)
  3 white imps
  6 adder zombies (Ossuary)
  3 dart slugs
  A ribbon worm (D:2)
  56 orcs
  19 ball pythons
  7 bats
  4 endoplasms
  2 giant cockroaches (D:1)
  2 gnoll zombies (Ossuary)
  7 goblins
  9 hobgoblins
  6 jackals
  47 kobolds
  2 quokkas
  4 ball python zombies (Ossuary)
  5 frilled lizards
  8 jackal zombies (Ossuary)
  2 kobold zombies (Ossuary)
  2 orc zombies (Ossuary)
  28 rats
493 creatures vanquished.

Vanquished Creatures (others)
  An orc (Bailey)
1 creature vanquished.

Grand Total: 494 creatures vanquished

Notes
Turn   | Place    | Note
-------+----------+-------------------------------------------
     0 | D:1      | Silvore the Minotaur Fighter began the quest for the Orb.
     0 | D:1      | Reached XP level 1. HP: 19/19 MP: 0/0
    11 | D:1      | Noticed an ogre
   178 | D:1      | Reached XP level 2. HP: 27/27 MP: 1/1
   581 | D:2      | Reached XP level 3. HP: 30/33 MP: 2/2
   940 | D:2      | Found a faded altar of an unknown god.
   959 | D:2      | Got Plato's Textbook on Formation
  1464 | D:3      | Found a radiant altar of Vehumet.
  1465 | D:3      | Found a snail-covered altar of Cheibriados.
  1469 | D:3      | Reached XP level 4. HP: 40/40 MP: 3/3
  1469 | D:3      | Found a shimmering blue altar of Sif Muna.
  1470 | D:3      | Found a hazy altar of Hepliaklqana.
  2081 | D:4      | Reached skill level 5 in Maces & Flails
  2081 | D:4      | Reached XP level 5. HP: 36/46 MP: 4/4
  2098 | D:4      | Found a sand-covered staircase.
  2154 | Ossuary  | Entered an ossuary
  2283 | Ossuary  | Reached XP level 6. HP: 54/55 MP: 5/5
  2314 | Ossuary  | Reached skill level 5 in Fighting
  2474 | Ossuary  | Reached XP level 7. HP: 57/61 MP: 6/6
  2480 | Ossuary  | Reached skill level 5 in Armour
  2726 | D:4      | Identified the +8 hand axe of Fuzzy Action {flame, Str+5}
  2771 | D:4      | Identified the +0 leather armour of Ishab {rC+}
  2779 | D:4      | You fall into a shaft and drop 2 floors!
  3362 | D:6      | Found a glowing drain.
  3376 | Sewer    | Entered a sewer
  3653 | Sewer    | Reached skill level 1 in Dodging
  3868 | Sewer    | Reached XP level 8. HP: 70/70 MP: 7/7
  4129 | D:5      | Entered Level 5 of the Dungeon
  4133 | D:5      | Reached skill level 5 in Shields
  4165 | D:5      | Noticed Prince Ribbit
  4190 | D:5      | Killed Prince Ribbit
  5361 | D:5      | Noticed Sigmund
  5367 | D:5      | Killed Sigmund
  5497 | D:5      | Noticed Grinder
  5499 | D:5      | Paralysed by Grinder for 2 turns
  5504 | D:5      | Paralysed by Grinder for 4 turns
  5512 | D:5      | Killed Grinder
  5513 | D:5      | Reached XP level 9. HP: 56/79 MP: 8/8
  5912 | D:6      | Found a broken altar of Ashenzari.
  6159 | D:7      | Reached skill level 10 in Maces & Flails
  6324 | D:7      | Identified the +0 leather armour of Egupatz {MP-9 Slay+5}
  6838 | D:7      | Found a staircase to the Ecumenical Temple.
  6919 | Temple   | Found a transporter.
  6919 | Temple   | Found a transporter.
  6919 | Temple   | Found a transporter.
  6919 | Temple   | Found a transporter.
  6919 | Temple   | Entered the Ecumenical Temple
  6937 | Temple   | Became a worshipper of Zin the Law-Giver
  6937 | Temple   | Reached * piety under Zin
  6938 | Temple   | Donated 188 gold pieces to Zin
  6945 | Temple   | Reached ** piety under Zin
  6982 | Temple   | Fell from the grace of Zin
  6982 | Temple   | Became a worshipper of the Shining One
  7068 | D:8      | Found Zoicw's Antique Weapon Boutique.
  7126 | D:8      | Reached * piety under the Shining One
  7129 | D:8      | Found the +5 Force Lance {heavy, knockback}
  7192 | D:8      | Found a large runed translucent door.
  7192 | D:8      | Found a large runed translucent door.
  7349 | D:8      | Noticed Larett's ghost (novice TrFi)
  7368 | D:8      | Noticed Erica
  7380 | D:8      | Killed Erica
  7381 | D:8      | Reached XP level 10. HP: 23/90 MP: 9/9
  7636 | D:8      | Noticed Maurice
  7649 | D:8      | Maurice stole an amulet of the acrobat
  7688 | D:8      | Killed Maurice
  7938 | D:8      | Found a bloodstained altar of Trog.
  7941 | D:8      | Found an opulent altar of Gozag.
  8124 | D:8      | Found a basalt altar of Yredelemnul.
  8127 | D:8      | Found a sacrificial altar of Ru.
  8206 | D:8      | Killed Larett's ghost
  8398 | D:9      | Found a flagged portal.
  8402 | D:9      | Noticed a two-headed ogre
  8419 | D:9      | Killed a two-headed ogre
  8420 | D:9      | Reached skill level 10 in Armour
  8420 | D:9      | Reached skill level 1 in Stealth
  8616 | Bailey   | Entered a bailey
  9213 | Bailey   | Reached XP level 11. HP: 26/99 MP: 10/10
  9978 | D:9      | Reached ** piety under the Shining One
  9996 | D:9      | Reached skill level 10 in Fighting
 10006 | D:9      | Found a staircase to the Lair.
 10500 | D:9      | Identified the +6 chain mail of Myixing {rC+ Will+ rCorr}
 10502 | D:9      | Noticed an obsidian statue
 10902 | D:9      | Found a staircase to the Orcish Mines.
 11359 | D:9      | Noticed a sixfirhy
 11376 | D:9      | Killed an obsidian statue
 11493 | D:9      | Identified the ring "Tes Xoss" {Wiz ^Contam Int+6}
 11499 | D:9      | Identified the ring of Bocejev {Fly rF+ Will- Str+2 Slay+2}
 11539 | D:10     | Entered Level 10 of the Dungeon
 11549 | D:10     | Paralysed by a hornet for 1 turns
 11997 | D:10     | Noticed Urug
 12008 | D:10     | Killed Urug
 12433 | D:11     | Noticed Josephine
 12444 | D:11     | Killed Josephine
 12445 | D:11     | Reached skill level 15 in Maces & Flails
 12451 | D:11     | Reached *** piety under the Shining One
 12649 | D:11     | Noticed a two-headed ogre
 12657 | D:11     | Killed a two-headed ogre
 12658 | D:11     | Reached XP level 12. HP: 95/112 MP: 11/11
 12717 | D:11     | Noticed a two-headed ogre
 12723 | D:11     | Killed a two-headed ogre
 13326 | D:12     | Noticed Gastronok
 13345 | D:12     | Killed Gastronok
 13413 | D:12     | Noticed Jorgrun
 13421 | D:12     | Killed Jorgrun
 13476 | D:12     | Noticed a two-headed ogre
 13483 | D:12     | Killed a two-headed ogre
 13848 | D:12     | Reached **** piety under the Shining One
 13889 | D:12     | Noticed Nessos
 13897 | D:12     | Killed Nessos
 14012 | D:12     | Noticed Rupert
 14012 | D:12     | Noticed Nergalle
 14023 | D:12     | Killed Rupert
 14024 | D:12     | Reached skill level 15 in Fighting
 14024 | D:12     | Reached XP level 13. HP: 124/126 MP: 12/12
 14026 | D:12     | Killed Nergalle
 14123 | D:12     | Found a stormy altar of Qazlal.
 14382 | D:13     | Reached skill level 10 in Shields
 15112 | D:13     | Noticed Erolcha
 15123 | Abyss:2  | Noticed a deep elf sorcerer
 15123 | Abyss:2  | Cast into level 2 of the Abyss (Erolcha)
 15146 | Abyss:2  | Paralysed by an orc sorcerer for 3 turns
 15169 | Abyss:2  | Got the Parchment of Assembling
 15174 | Abyss:2  | Got Sif Muna's Quarto of the Cumulonimbus
 15176 | Abyss:2  | Got the Compilation of Venom
 15185 | Abyss:2  | Killed a deep elf sorcerer
 15189 | Abyss:2  | Got Sif Muna's Elucidation of the Band
 15192 | Abyss:2  | Got Zozxits's Codex of Scree
 15199 | Abyss:2  | Got Zyehe's Volume of Blasts
 15229 | Abyss:2  | Got the Volume of Substances
 15311 | Abyss:2  | Noticed a profane servitor
 15399 | Abyss:2  | Noticed a lorocyproca
 15433 | Abyss:2  | Noticed a starcursed mass
 15444 | D:13     | Escaped the Abyss
 15449 | D:13     | Killed Erolcha
 15449 | D:13     | Reached ***** piety under the Shining One
 16212 | D:14     | Noticed Frances
 16225 | D:14     | Killed Frances
 17186 | D:14     | Found a gate to the Vaults.
 17186 | D:14     | Noticed a sphinx
 17187 | D:14     | Paralysed by a sphinx for 4 turns
 17195 | D:14     | Killed a sphinx
 17535 | D:15     | Entered Level 15 of the Dungeon
 17854 | D:14     | Reached skill level 15 in Armour
 17854 | D:14     | Reached XP level 14. HP: 106/141 MP: 13/13
 17865 | D:14     | Mangled by a white ugly thing

Illustrated notes

Levels and vault maps discovered:
D:1:      evilmike_arrival_come_back, layout_basic, hangedman_feature_mirror
D:2:      layout_basic, shapermc_ecumenical_altar_rom_forum, minmay_misc_feat_x,
          nicolae_the_louvre
D:3:      layout_basic, mainiacjoe_overflow_alcove_3, serial_park_tiny_1
D:4:      layout_loops_corners, serial_rivers, chequers_serial_rivers_small_3,
          chequers_serial_rivers_small_3, chequers_serial_rivers_micro_a,
          chequers_serial_rivers_small_b, chequers_serial_rivers_large_a,
          nicolae_ossuary_entry_false_entrances
D:5:      layout_loops_ring, uniq_grinder, uniq_sigmund, uniq_prince_ribbit1
D:6:      layout_basic, nicolae_ashenzari_skybound, portal_sewer_entry_e
D:7:      layout_rooms, minmay_temple_entry_fiery
D:8:      layout_rooms, grunt_temple_overflow_cloverleaf,
          ebering_ghost_disaster_area, serial_shops, nicolae_shop_peninsula,
          uniq_maurice, uniq_erica
D:9:      layout_basic, due_lair_maze_entry_diamond, david_orc_3,
          enter_bailey_5, minmay_stone_trees_large, minivault_15,
          hangedman_decor_diamond_cutter, nicolae_water_bricks
D:10:     layout_rooms, uniq_urug
D:11:     layout_irregular_city, serial_column_ruins, column_ruins_hut,
          column_ruins_square_medium, column_ruins_open_small,
          column_ruins_open_tiny, column_ruins_corridor_corner,
          column_ruins_corridor_T, column_ruins_grid_1, minmay_circle_x,
          uniq_josephine
D:12:     layout_roguey, nicolae_qazlal_scattered_showers, uniq_gastronok,
          uniq_nessos, uniq_rupert, uniq_nergalle, uniq_jorgrun
D:13:     layout_stronghold, uniq_erolcha
D:14:     layout_basic, hellmonk_vaults_attempted_burglary,
          kennysheep_cross_room, uniq_frances
D:15:     grunt_enter_depths_magical_seal, layout_cave_pools, uniq_roxanne,
          uniq_louise, uniq_agnes
Temple:   hellmonk_temple_divided_pantheon

Skill      XL: |  1  2  3  4  5  6  7  8  9 10 11 12 13 |
---------------+----------------------------------------+-----
Fighting       | 4 5 7 8 9 12 15 17 | 17.9
Maces & Flails | 3 5 6 7 8 9 12 13 15 16 17 | 17.8
Armour         | 4 5 7 9 10 12 13 15 | 15.0
Shields        | 4 6 7 8 9 11 | 11.3
Dodging        | 1 2 |  2.9
Stealth        | 1 |  1.6

Action                     |  1- 3 |  4- 6 |  7- 9 | 10-12 | 13-15 || total
---------------------------+-------+-------+-------+-------+-------++-------
  Melee: Flail             |   116 |   148 |   266 |       |       ||   530
         Headbutt          |    14 |    30 |    70 |   135 |    40 ||   289
         Morningstar       |       |       |    67 |   393 |       ||   460
         Eveningstar       |       |       |       |   155 |   164 ||   319
 Invoke: Donate Gold       |       |       |     1 |       |       ||     1
    Use: Scroll            |     4 |     2 |    10 |     5 |     7 ||    28
         Potion            |       |       |     2 |     6 |     1 ||     9
 Armour: Scale mail        |    25 |       |       |       |       ||    25
         Plate armour      |   111 |   129 |   351 |   758 |   214 ||  1563
  Dodge: Dodged            |    49 |    60 |   120 |   302 |    53 ||   584
  Block: Buckler           |    35 |    46 |    78 |   264 |    74 ||   497
